cohdb
Replays
Latest Replays
All Replays
Popular Replays
Top Player Replays
Match Explorer
How It Works
Community
CoH3 Stats
Reddit
Sign in to upload your games and track your stats! →
Sign in with Steam
Match 39410692
Unlisted
Match 39410692
Overview
Messages
Build Orders
End
Pioneer Squad
Construct Infanterie Kompanie
Grenadier Squad
Selects Terror Battlegroup
Grenadier Squad
Grenadier Squad
Construct Luftwaffe Kompanie
Selects Heavy Gunnery
Flak 30 Anti-aircraft Gun Team
221 Scout Car
Jäger Squad
GrW 34 Mortar Team
Selects Defend the Fatherland
Construct Panzer Kompanie
Sturmpanzer IV Brummbär
Stoßtruppen Squad
Wehearvoices
Leiarde
dobRi3000
STALKER4732
kit.ohume
Devochkin
0
0
Comments
sign in to comment!
No comments posted yet!